 Dungeon Crawl Stone Soup version 0.28.0-53-g5a82cb258f (webtiles) character file.

Game seed: 354261363648999338

9127 SanguineChosen the Arsonist (level 11, -4/92 HPs)
             Began as a Hill Orc Cinder Acolyte on June 20, 2022.
             Was a High Priest of Ignis.
             Slain by a molten gargoyle
             ... wielding a +0 flail
              (11 damage)
             ... while petrified by a catoblepas
             ... in a Gauntlet on June 21, 2022.
             The game lasted 01:35:22 (14290 turns).

SanguineChosen the Arsonist (HOCA)                 Turns: 14290, Time: 01:35:23

Health: -4/92      AC: 12    Str: 21    XL:     11   Next: 41%
Magic:  20/20      EV:  2    Int: 18    God:    Ignis [*****.]
Gold:   529        SH:  0    Dex: 10    Spells: 20/22 levels left

rFire   + . .      SeeInvis .   R - +1 scimitar (flame)
rCold   . . .      Faith    .   (no shield)
rNeg    + + +      Spirit   .   z - +0 steam dragon scales
rPois   ∞          Reflect  .   n - +0 helmet
rElec   .          Harm     .   f - +0 cloak
rCorr   +          Rampage  .   (no gloves)
Will    .....      NoTele   +   (no boots)
Stlth   ++........              x - amulet of regeneration
HPRegen 0.00/turn               r - +4 ring of protection
MPRegen 0.17/turn               q - ring of Fumong {rCorr EV+4 Str+3 Int+2 Dex+4}

@: mighty, brilliant, petrified, inhibited regen, studying Ice Magic
A: fangs 1, inhibited regeneration, weak 1
a: Renounce Religion, Fiery Armour, Foxfire Swarm, Rising Flame


You were in a Gauntlet.
You worshipped Ignis.
Ignis was extremely pleased with you.
You visited 3 branches of the dungeon, and saw 11 of its levels.
You also visited: Sewer and Gauntlet.

You collected 529 gold pieces.

Inventory:

Hand Weapons
 k - a +1 morningstar of protection
 A - the +3 hand axe "Baumm" {vorpal, rF+ Str-5 Int+2 SInv}
   (You found it on level 5 of the Dungeon)

   It inflicts extra damage upon your enemies.
   Str:       It affects your strength (-5).
   Int:       It affects your intelligence (+2).
   rF:        It protects you from fire.
   SInv:      It lets you see invisible.
 R - a +1 scimitar of flaming (weapon)
Missiles
 w - a throwing net
Armour
 f - a +0 cloak (worn)
 n - a +0 helmet (worn)
 z - +0 steam dragon scales (worn)
 S - a +1 robe of willpower
Jewellery
 b - an amulet of faith
 i - a ring of see invisible
 q - the ring of Fumong (right hand) {rCorr EV+4 Str+3 Int+2 Dex+4}
   (You found it on level 3 of the Dungeon)

   [ring of evasion]

   EV:        It affects your evasion (+4).
   Str:       It affects your strength (+3).
   Int:       It affects your intelligence (+2).
   Dex:       It affects your dexterity (+4).
   rCorr:     It protects you from acid and corrosion.
 r - a +4 ring of protection (left hand)
 x - an amulet of regeneration (around neck)
 H - a ring of protection from cold
 O - an amulet of the acrobat
 P - an amulet of magic regeneration
Wands
 a - a wand of iceblast (4)
 h - a wand of digging (5)
 s - a wand of paralysis (31)
 y - a wand of polymorph (6)
 N - a wand of acid (9)
Scrolls
 c - 2 scrolls of enchant armour {unknown}
 d - a scroll of silence {unknown}
 e - 4 scrolls of amnesia
 j - 8 scrolls of teleportation
 m - 2 scrolls of torment {unknown}
 v - 3 scrolls of blinking
 D - a scroll of noise {unknown}
 F - 2 scrolls of summoning {unknown}
 G - a scroll of immolation {unknown}
 I - a scroll of fog {unknown}
 J - a scroll of enchant weapon {unknown}
 M - a scroll of vulnerability {unknown}
Potions
 p - 2 potions of brilliance
 t - a potion of flight {unknown}
 u - 2 potions of invisibility
 B - a potion of cancellation {unknown}
 C - a potion of haste {unknown}
 E - 2 potions of lignification
 K - a potion of heal wounds {unknown}
 Q - a potion of resistance


   Skills:
 + Level 7.1 Fighting
 + Level 1.6 Long Blades
 + Level 5.0(8.3) Axes
 + Level 8.6(9.1) Maces & Flails
 * Level 4.9 Armour
 + Level 3.5 Dodging
 + Level 1.9 Stealth
 + Level 6.1 Spellcasting
 * Level 11.4 Fire Magic


You had 20 spell levels left.
You knew the following spells:

 Your Spells              Type           Power      Damage    Failure   Level
a - Scorch                Fire           100%       2d10      1%          2

Your spell library contained the following spells:

 Spells                   Type           Power      Damage    Failure   Level
 Freeze                   Ice            32%        1d5       12%         1
 Magic Dart               Conj           32%        1d4       12%         1
 Slow                     Hex            32%        N/A       12%         1
 Searing Ray              Conj           16%        2d5       19%         2
 Static Discharge         Conj/Air       8%         N/A       19%         2
 Confusing Touch          Hex            8%         N/A       34%         3
 Frozen Ramparts          Ice            16%        1d3       34%         3
 Vampiric Draining        Necr           8%         2d6       34%         3
 Fulminant Prism          Conj/Hex       4%         3d6       75%         4
 Hailstorm                Conj/Ice       8%         3d4       75%         4
 Passage of Golubria      Tloc           8%         N/A       75%         4
 Lightning Bolt           Conj/Air       4%         1d15      97%         5
 Silence                  Hex/Air        4%         N/A       97%         5
 Lehudib's Crystal Spear  Conj/Erth      4%         10d3      100%        8
 Maxwell's Capacitive Co  Air            4%         ∞         100%        8
 Chain Lightning          Conj/Air       4%         3d5       100%        9
 Fire Storm               Conj/Fire      19%        8d5       100%        9
 Shatter                  Erth           4%         3d7*      100%        9


Dungeon Overview and Level Annotations

Branches:
Dungeon (8/15)             Temple (1/1) D:4            Lair (2/6) D:8
  Sewer (visited)         Gauntlet (1/1)
  Swamp: Lair:2-4    Shoals: Lair:2-4     Snake: Lair:2-4    Spider: Lair:2-4

Altars:
Ashenzari
Cheibriados
Dithmenos
Elyvilon
Fedhas
Gozag
Hepliaklqana
Kikubaaqudgha
Makhleb
Nemelex Xobeh
Okawaru
Qazlal
Ru
Sif Muna
Trog
Uskayaw
Vehumet
Wu Jian
Xom
Yredelemnul
Zin
The Shining One

Annotations:
Gauntlet 4 transporters


Innate Abilities, Weirdness & Mutations

You have very sharp teeth.
You do not regenerate when monsters are visible.
You are weak. (Str -2)


Message History

The stone arrow misses you.
The catoblepas breathes a plume of calcifying dust at you.
The blast of calcifying dust hits the molten gargoyle.
The blast of calcifying dust hits you.
Aiming: Paralyse
Press: ? - help, Q - select action, (/) - cycle Shift-Dir - straight line, f - catoblepas
Aim: a catoblepas (calcifying dust, chance to affect: 1%)
The molten gargoyle resists with almost no effort.
You are engulfed in calcifying dust.
You are slowing down.
The molten gargoyle hits you with a +0 flail!!
You are engulfed in flames.
You resist.
The gargoyle hurls a stone arrow at you.
The stone arrow hits you!!
You feel very mighty all of a sudden.
You are engulfed in calcifying dust.
The molten gargoyle blasts magma at you!
The bolt of magma hits you! You partially resist.
The gargoyle closely misses you.
The molten gargoyle blasts magma at you!
The bolt of magma misses you.
Your limbs are stiffening.
You feel clever all of a sudden.
You are engulfed in calcifying dust.
Your limbs have turned to stone.
The molten gargoyle hits you with a +0 flail.
You are engulfed in flames.
You resist.
The catoblepas gores you but does no damage.
You have turned to stone.
The molten gargoyle hits you with a +0 flail!
* * * LOW HITPOINT WARNING * * *
You are engulfed in flames.
You resist.
* * * LOW HITPOINT WARNING * * *
The catoblepas gores you.
The molten gargoyle hits you with a +0 flail.
* * * LOW HITPOINT WARNING * * *
You are engulfed in flames.
You resist.
* * * LOW HITPOINT WARNING * * *
The catoblepas gores you!
* * * LOW HITPOINT WARNING * * *
The molten gargoyle hits you with a +0 flail!!
You die...

#####################
#≈#≈#≈#≈#≈#≈#≈#≈#≈#§#
....................##
....................≈#
#######..#########..##
......#..#..8#8..#..≈#
###.#.#..#...8...#..##
.#...)####8.8.89@#..≈#
.#©#.§#©©##8.©98Y#..##
...#..####8.8.8.9#..≈#
#.###.#..#...8.."#..##
......#..#..8#8..#..#.
#######..#########..#©.
..................∩.#...
....................#...
#####..###########..#©


You could see a catoblepas, a molten gargoyle and 2 gargoyles.

Vanquished Creatures
  Erica (Lair:1)
  A smoke demon (Gauntlet)
  Maggie (D:6)
  2 cane toads
  A komodo dragon (Lair:1)
  An unseen horror (D:6)
  3 trolls
  A tyrant leech (Lair:2)
  3 blink frogs (Lair:2)
  A ynoxinul (Gauntlet)
  A wyvern (Lair:2)
  4 yaks (D:7)
  2 steam dragons
  4 water moccasins
  2 orc warriors
  A sky beast (D:5)
  An ice beast (D:6)
  A black bear (D:6)
  4 centaurs
  12 wolves
  4 ogres
  5 bullfrogs
  A scorpion (D:6)
  A wyvern zombie (D:5)
  A water moccasin skeleton (D:5)
  4 electric eels (D:8)
  4 crimson imps (Gauntlet)
  A centaur zombie (D:5)
  5 hounds
  3 bullfrog zombies (D:6)
  2 centaur skeletons
  A gnoll shaman (D:5)
  2 orc priests
  3 iron imps (Gauntlet)
  Terence (D:2)
  Natasha (D:3)
  3 iguanas
  2 orc wizards
  A hell rat (Sewer)
  A howler monkey zombie (D:5)
  Robin (D:2)
  5 gnolls (D:5)
  A howler monkey skeleton (D:7)
  7 adders
  A river rat (Sewer)
  A shadow imp (D:8)
  2 white imps (D:5)
  3 worms
  2 dart slugs
  15 orcs
  6 bats
  4 endoplasms
  3 giant cockroaches
  12 goblins
  6 hobgoblins
  6 jackals
  6 kobolds
  3 quokkas (D:1)
  5 ball pythons
  6 frilled lizards
  12 rats
200 creatures vanquished.

Vanquished Creatures (others)
  11 fungi
  16 plants
27 creatures vanquished.

Grand Total: 227 creatures vanquished

Notes
Turn   | Place    | Note
-------+----------+-------------------------------------------
     0 | D:1      | SanguineChosen the Hill Orc Cinder Acolyte began the quest
                  | for the Orb.
     0 | D:1      | Reached XP level 1. HP: 19/19 MP: 2/2
    93 | D:1      | Reached XP level 2. HP: 27/27 MP: 3/3
   647 | D:1      | Learned a level 2 spell: Scorch
   814 | D:1      | Reached XP level 3. HP: 33/33 MP: 1/4
  1571 | D:2      | Found a faded altar of an unknown god.
  1645 | D:2      | Reached skill level 5 in Axes
  1645 | D:2      | Reached XP level 4. HP: 40/40 MP: 5/5
  1714 | D:2      | Reached skill level 1 in Maces & Flails
  1764 | D:2      | Noticed Robin
  1782 | D:2      | Killed Robin
  2598 | D:2      | Reached skill level 4 in Fire Magic
  3049 | D:2      | Noticed Terence
  3056 | D:2      | Killed Terence
  3057 | D:2      | Reached XP level 5. HP: 27/47 MP: 1/6
  3376 | D:3      | Found a sacrificial altar of Ru.
  3495 | D:3      | Found a glowing silver altar of Zin.
  3964 | D:3      | Noticed Natasha
  3968 | D:3      | Killed Natasha
  4438 | D:3      | Identified the ring of Fumong {rCorr EV+4 Str+3 Int+2
                  | Dex+4}
  4833 | D:4      | Found a staircase to the Ecumenical Temple.
  4869 | Temple   | Entered the Ecumenical Temple
  5825 | D:5      | Entered Level 5 of the Dungeon
  5825 | D:5      | Noticed a sky beast
  5925 | D:5      | Killed a sky beast
  5926 | D:5      | Reached skill level 5 in Fire Magic
  5926 | D:5      | Reached XP level 6. HP: 34/53 MP: 3/8
  6488 | D:5      | Identified the +3 hand axe "Baumm" {vorpal, rF+ Str-5 Int+2
                  | SInv}
  6515 | D:5      | Reached XP level 7. HP: 27/60 MP: 10/10
  7076 | D:5      | Reached skill level 5 in Fighting
  7208 | D:5      | Reached skill level 1 in Dodging
  7780 | D:6      | Reached XP level 8. HP: 55/69 MP: 5/12
  7784 | D:6      | Reached skill level 6 in Fire Magic
  7810 | D:6      | Reached skill level 5 in Maces & Flails
  7825 | D:6      | Found a glowing drain.
  7828 | D:6      | Noticed Maggie
  7878 | D:6      | Killed Maggie
  7879 | D:6      | Reached skill level 1 in Stealth
  8004 | D:6      | Noticed an unseen horror
  8010 | D:6      | Killed an unseen horror
  8011 | D:6      | Reached skill level 7 in Fire Magic
  8011 | D:6      | Reached XP level 9. HP: 52/75 MP: 7/14
  8033 | Sewer    | Entered a sewer
  8295 | D:6      | Noticed a troll
  8312 | D:6      | Killed a troll
  8493 | D:6      | Reached skill level 8 in Fire Magic
  9603 | D:7      | Reached skill level 1 in Armour
  9790 | D:7      | Reached XP level 10. HP: 73/84 MP: 7/16
  9797 | D:7      | Reached skill level 9 in Fire Magic
 10847 | D:8      | Found a staircase to the Lair.
 11575 | D:8      | Reached skill level 5 in Spellcasting
 12210 | Lair:1   | Entered Level 1 of the Lair of Beasts
 12317 | Lair:1   | Noticed a cane toad
 12601 | Lair:1   | Noticed Erica
 12642 | Lair:1   | Paralysed by Erica for 7 turns
 12658 | Lair:1   | Killed Erica
 12659 | Lair:1   | Reached skill level 10 in Fire Magic
 12748 | Lair:1   | Killed a cane toad
 13126 | Lair:1   | Reached XP level 11. HP: 76/92 MP: 5/19
 13718 | Lair:2   | Reached skill level 1 in Long Blades
 13853 | Lair:2   | Reached skill level 11 in Fire Magic
 14044 | Lair:2   | Found a gate leading to a gauntlet.
 14050 | Gauntlet | Entered a Gauntlet
 14050 | Gauntlet | Found a transporter.
 14050 | Gauntlet | Found a transporter.
 14051 | Gauntlet | Found a transporter.
 14052 | Gauntlet | Found a transporter.
 14052 | Gauntlet | Found a transporter.
 14069 | Gauntlet | Found a transporter.
 14142 | Gauntlet | Gained mutation: You are clumsy. (Dex -2) [potion of
                  | mutation]
 14142 | Gauntlet | Gained mutation: You are very clumsy. (Dex -4) [potion of
                  | mutation]
 14143 | Gauntlet | Lost mutation: You are very clumsy. (Dex -4) [potion of
                  | mutation]
 14143 | Gauntlet | Lost mutation: You are clumsy. (Dex -2) [potion of
                  | mutation]
 14143 | Gauntlet | Gained mutation: Your spells are a little easier to cast,
                  | but a little less powerful. [potion of mutation]
 14143 | Gauntlet | Gained mutation: You are weak. (Str -2) [potion of
                  | mutation]
 14145 | Gauntlet | Lost mutation: Your spells are a little easier to cast, but
                  | a little less powerful. [potion of mutation]
 14145 | Gauntlet | Lost mutation: You are weak. (Str -2) [potion of mutation]
 14145 | Gauntlet | Gained mutation: You do not regenerate when monsters are
                  | visible. [potion of mutation]
 14145 | Gauntlet | Gained mutation: You are weak. (Str -2) [potion of
                  | mutation]
 14145 | Gauntlet | Gained mutation: You have very sharp teeth. [potion of
                  | mutation]
 14169 | Gauntlet | Found a transporter.
 14169 | Gauntlet | Found a transporter.
 14271 | Gauntlet | Noticed a catoblepas
 14280 | Gauntlet | Found a transporter.
 14290 | Gauntlet | Slain by a molten gargoyle

Illustrated notes

Levels and vault maps discovered:
D:1:      tarquinn_simple_flora_water_e, layout_loops_cross
D:2:      layout_loops_corners, nicolae_ecumenical_snake_handling, st_stairs_6,
          serial_bayou_pond_b, uniq_robin, uniq_terence
D:3:      layout_loops_ring, mainiacjoe_overflow_catwalk_spiral, minivault_25,
          uniq_natasha
D:4:      layout_basic, minmay_temple_entry_nine_rooms
D:5:      layout_loops_ring, minmay_misc_feat_nine_boxes
D:6:      layout_loops_ring, portal_sewer_entry_a, minmay_manual_monstrance,
          uniq_maggie
D:7:      layout_loops_ring
D:8:      layout_loops_ring, erik_lair_island
Temple:   mainiacjoe_temple_big_plus
Lair:1:   layout_regular_city, minivault_23, uniq_erica
Lair:2:   layout_loops_ring, minmay_swamp_entry_worms, gauntlet_entry_generic,
          chequers_serial_rivers_large_b
Gauntlet: minmay_gauntlet_mixed_big_or_small
          [gammafunk_gauntlet_arena_split_diamond,
          minmay_gauntlet_arena_77_hold_the_fort,
          nicolae_gauntlet_arena_t_cross,
          minmay_gauntlet_arena_77_broken_ladder,
          nicolae_gauntlet_arena_quarters,
          minmay_gauntlet_arena_77_terracotta_army, gauntlet_exit_green]

Skill      XL: |  1  2  3  4  5  6  7  8  9 10 11 |
---------------+----------------------------------+-----
Fighting       | 4 5 6 7 |  7.1
Axes           | 5 |  5.0
Maces & Flails | 2 3 4 6 7 8 |  8.6
Fire Magic     | 4 5 7 8 10 11 | 11.4
Spellcasting   | 2 3 4 5 6 |  6.1
Dodging        | 1 2 3 |  3.5
Stealth        | 1 |  1.9
Armour         | 2 4 |  4.9
Long Blades    | 1 |  1.6

Action                   |  1- 3 |  4- 6 |  7- 9 | 10-12 || total
-------------------------+-------+-------+-------+-------++-------
Melee: Hand axe          |    53 |    11 |       |       ||    64
       Morningstar       |    35 |   117 |   189 |    60 ||   401
       Punch             |     1 |     1 |     4 |     4 ||    10
       Scimitar          |       |       |       |   109 ||   109
       Bite              |       |       |       |     2 ||     2
 Cast: Scorch            |     5 |    36 |    57 |   107 ||   205
Invok: Fiery Armour      |       |       |       |     1 ||     1
Evoke: Wand              |       |       |       |     1 ||     1
  Use: Potion            |       |     2 |     1 |     8 ||    11
       Scroll            |       |       |       |     9 ||     9
 Stab: Sleeping          |       |       |     1 |       ||     1
Armor: Robe              |    40 |    55 |    58 |       ||   153
       Steam dragon scal |       |       |    11 |    86 ||    97
Dodge: Dodged            |    68 |    94 |   176 |   238 ||   576
